 Dungeon Crawl Stone Soup version 0.29.0-4-gdea44cf6ec (webtiles) character file.

Game seed: 6612678804110462336

53 qw the Caller (level 3, 0/30 HPs)
             Began as a Ghoul Summoner on Sept 9, 2022.
             Slain by Sigmund
             ... wielding a +2 scythe of venom
              (4 damage)
             ... on level 2 of the Dungeon.
             The game lasted 00:00:50 (2355 turns).

qw the Caller (Ghoul Summoner)                      Turns: 2355, Time: 00:00:51

Health: 0/30       AC:  8    Str: 13    XL:     3   Next: 89%
Magic:  4/4        EV:  5    Int: 10    God:
Gold:   20         SH:  0    Dex:  9    Spells: 4/5 levels left

rFire   . . .      SeeInvis .   g - +0 hand axe
rCold   + . .      Faith    .   (no shield)
rNeg    + + +      Spirit   .   f - +0 chain mail
rPois   inf        Reflect  .   (no helmet)
rElec   .          Harm     .   (no cloak)
rCorr   .          Rampage  .   (no gloves)
Will    .....                   (no boots)
Stlth   ..........              (no amulet)
HPRegen 0.00/turn               (no ring)
MPRegen 0.09/turn               (no ring)

@: inhibited regen
A: claws 1, cold resistance 1, negative energy resistance 3, inhibited
regeneration, torment resistance 2, devour on kill
a: no special abilities


You were on level 2 of the Dungeon.
You visited 1 branch of the dungeon, and saw 2 of its levels.

You collected 20 gold pieces.


Innate Abilities, Weirdness & Mutations

You are immune to poison.
You have sharp fingernails.
Your flesh is cold resistant. (rC+)
You are immune to negative energy. (rN+++)
You do not regenerate when monsters are visible.
You are immune to unholy pain and torment.
You thrive by killing the living.


   Skills:
 - Level 2.3 Fighting
 + Level 2.1 Axes
 - Level 1.7 Dodging
 - Level 2.1 Stealth
 - Level 1.7 Spellcasting
 - Level 3.6 Summonings


You had 4 spell levels left.
You knew the following spells:

 Your Spells              Type           Power      Damage    Failure   Level
a - Summon Small Mammal   Summ           32%        N/A       95%         1

Your spell library contained the following spells:

 Spells                   Type           Power      Damage    Failure   Level
 Call Imp                 Summ           8%         N/A       99%         2
 Call Canine Familiar     Summ           8%         N/A       100%        3
 Summon Guardian Golem    Hex/Summ       4%         N/A       100%        3
 Summon Lightning Spire   Summ/Air       4%         N/A       100%        4

Inventory:

Hand Weapons
 e - a +0 club
 g - a +0 hand axe (weapon)
Armour
 f - a +0 chain mail (worn)
Potions
 c - a potion of mutation {unknown}
 h - a potion of ambrosia {unknown}
 i - a potion of haste {unknown}

Dungeon Overview and Level Annotations

Branches:
Dungeon (2/15)

Altars:

Annotations:
D:2 Sigmund


Message History

You hit the worm.
The worm is severely wounded.
The worm bites you.
You slash the worm!
You kill the worm!
You start resting.
HP restored.
Sigmund the Dreaded comes into view.
He is wielding a +2 scythe of venom.
Sigmund shouts!
You see here a clear potion.
2342 ||| Stepping ~*~*~tactically~*~*~ (hiding).
You start waiting.
Sigmund is nearby!
2344 ||| Stepping ~*~*~tactically~*~*~ (hiding).
Found a plate armour.
Sigmund closely misses you.
Found a runed leather armour.
Sigmund hits you with a +2 scythe of venom!
You closely miss Sigmund.
A frilled lizard comes into view.
Sigmund gestures at you while chanting.
You are confused.
You're too confused to move!
Sigmund hits you with a +2 scythe of venom!
Sigmund barely misses you. Sigmund attacks as you move away!
Sigmund hits you but does no damage. Sigmund casts a spell at you.
The puff of flame hits you.
The frilled lizard bites you but does no damage.
You miss Sigmund. You closely miss the frilled lizard.
Sigmund casts a spell at you. The magic dart hits you.
The frilled lizard bites you but does no damage.
You feel less confused.
Sigmund hits you from afar with a +2 scythe of venom.
The frilled lizard bites you but does no damage.
You hit the frilled lizard.
You kill the frilled lizard!
Sigmund hits you from afar with a +2 scythe of venom.
You die...

# .. +#+# ..
.:# #. #.#####
#..###.....#
#......!...#
##..##......#
...).##.@#.#.#
#
#...@%.#.%.###
#...........<#
#..##.##.#.###
.... #.##.###
[... #.[...
... #######
...


You could see Sigmund.

Vanquished Creatures
  An adder (D:1)
  A worm (D:2)
  3 dart slugs
  3 bats
  2 endoplasms (D:1)
  A giant cockroach (D:1)
  A goblin (D:1)
  A hobgoblin (D:1)
  A quokka (D:1)
  4 ball pythons (D:1)
  3 frilled lizards
  2 kobolds (D:1)
  3 rats (D:1)
26 creatures vanquished.

Vanquished Creatures (collateral kills)
  A giant cockroach (D:1)
  A goblin (D:1)
  A hobgoblin (D:1)
  A kobold (D:1)
  A quokka (D:1)
  A ball python (D:1)
  A bat (D:1)
  2 rats (D:1)
9 creatures vanquished.

Grand Total: 35 creatures vanquished

Notes
Turn   | Place    | Note
-------+----------+-------------------------------------------
     0 | D:1      | qw the Ghoul Summoner began the quest for the Orb.
     0 | D:1      | Reached XP level 1. HP: 14/14 MP: 2/2
     0 | D:1      | 0 ||| qw: Version: 0.1-a-113-g051387a
     0 | D:1      | 0 ||| qw: Game counter: 7311
     0 | D:1      | 0 ||| qw: Always use a shield: true
     0 | D:1      | 0 ||| qw: God list: Okawaru
     0 | D:1      | 0 ||| qw: Allow faded altars: false
     0 | D:1      | 0 ||| qw: Do Orc after D:15 true
     0 | D:1      | 0 ||| qw: Do second Lair branch before Depths: true
     0 | D:1      | 0 ||| qw: Lair rune preference: random
     0 | D:1      | 0 ||| qw: Plans: Normal
     0 | D:1      | 0 ||| PLANNING D:1-11
    29 | D:1      | 29 ||| CASTING Summon Small Mammal
    30 | D:1      | 30 ||| CASTING Summon Small Mammal
   128 | D:1      | 128 ||| Wielding weapon +0 club.
   141 | D:1      | 141 ||| CASTING Summon Small Mammal
   142 | D:1      | 142 ||| CASTING Summon Small Mammal
   152 | D:1      | 152 ||| CASTING Summon Small Mammal
   160 | D:1      | Reached skill level 1 in Axes
   181 | D:1      | 181 ||| CASTING Summon Small Mammal
   182 | D:1      | 182 ||| CASTING Summon Small Mammal
   227 | D:1      | 227 ||| CASTING Summon Small Mammal
   228 | D:1      | 228 ||| CASTING Summon Small Mammal
   239 | D:1      | 239 ||| CASTING Summon Small Mammal
   355 | D:1      | 355 ||| CASTING Summon Small Mammal
   356 | D:1      | 356 ||| CASTING Summon Small Mammal
   366 | D:1      | 366 ||| CASTING Summon Small Mammal
   372 | D:1      | Reached XP level 2. HP: 20/22 MP: 0/3
   411 | D:1      | 411 ||| CASTING Summon Small Mammal
   412 | D:1      | 412 ||| CASTING Summon Small Mammal
   413 | D:1      | 413 ||| CASTING Summon Small Mammal
   417 | D:1      | Reached skill level 1 in Fighting
   451 | D:1      | 451 ||| CASTING Summon Small Mammal
   452 | D:1      | 452 ||| CASTING Summon Small Mammal
   453 | D:1      | 453 ||| CASTING Summon Small Mammal
   489 | D:1      | 489 ||| CASTING Summon Small Mammal
   490 | D:1      | 490 ||| CASTING Summon Small Mammal
   491 | D:1      | 491 ||| CASTING Summon Small Mammal
   534 | D:1      | 534 ||| SWAPPING to +0 short sword.
   535 | D:1      | 535 ||| DROPPING +0 club.
   598 | D:1      | 598 ||| CASTING Summon Small Mammal
   599 | D:1      | 599 ||| CASTING Summon Small Mammal
   600 | D:1      | 600 ||| CASTING Summon Small Mammal
   609 | D:1      | 609 ||| CASTING Summon Small Mammal
   768 | D:1      | 768 ||| CASTING Summon Small Mammal
   769 | D:1      | 769 ||| CASTING Summon Small Mammal
   770 | D:1      | 770 ||| CASTING Summon Small Mammal
   820 | D:1      | 820 ||| SWAPPING to +0 hand axe.
   821 | D:1      | 821 ||| DROPPING +0 short sword.
   882 | D:1      | 882 ||| CASTING Summon Small Mammal
   883 | D:1      | 883 ||| CASTING Summon Small Mammal
   884 | D:1      | 884 ||| CASTING Summon Small Mammal
   925 | D:1      | 925 ||| CASTING Summon Small Mammal
   926 | D:1      | 926 ||| CASTING Summon Small Mammal
   927 | D:1      | 927 ||| CASTING Summon Small Mammal
   977 | D:1      | 977 ||| CASTING Summon Small Mammal
   978 | D:1      | 978 ||| CASTING Summon Small Mammal
   979 | D:1      | 979 ||| CASTING Summon Small Mammal
  1074 | D:1      | 1074 ||| CASTING Summon Small Mammal
  1075 | D:1      | 1075 ||| CASTING Summon Small Mammal
  1076 | D:1      | 1076 ||| CASTING Summon Small Mammal
  1181 | D:1      | 1181 ||| Stepping ~*~*~tactically~*~*~ (hiding).
  1283 | D:1      | 1283 ||| Stepping ~*~*~tactically~*~*~ (hiding).
  1385 | D:1      | 1385 ||| Stepping ~*~*~tactically~*~*~ (hiding).
  1390 | D:1      | 1390 ||| CASTING Summon Small Mammal
  1453 | D:1      | 1453 ||| CASTING Summon Small Mammal
  1454 | D:1      | 1454 ||| CASTING Summon Small Mammal
  1455 | D:1      | 1455 ||| CASTING Summon Small Mammal
  1571 | D:1      | 1571 ||| CASTING Summon Small Mammal
  1572 | D:1      | 1572 ||| CASTING Summon Small Mammal
  1573 | D:1      | 1573 ||| CASTING Summon Small Mammal
  1632 | D:1      | 1632 ||| CASTING Summon Small Mammal
  1633 | D:1      | 1633 ||| CASTING Summon Small Mammal
  1634 | D:1      | 1634 ||| CASTING Summon Small Mammal
  1645 | D:1      | Reached XP level 3. HP: 28/28 MP: 1/4
  1658 | D:1      | 1658 ||| Stepping ~*~*~tactically~*~*~ (stealth).
  1663 | D:1      | 1663 ||| CASTING Summon Small Mammal
  1664 | D:1      | 1664 ||| CASTING Summon Small Mammal
  1666 | D:1      | 1666 ||| CASTING Summon Small Mammal
  1688 | D:1      | 1688 ||| CASTING Summon Small Mammal
  1774 | D:1      | 1774 ||| CASTING Summon Small Mammal
  1775 | D:1      | 1775 ||| CASTING Summon Small Mammal
  1776 | D:1      | 1776 ||| CASTING Summon Small Mammal
  1777 | D:1      | 1777 ||| CASTING Summon Small Mammal
  1921 | D:1      | 1921 ||| CASTING Summon Small Mammal
  1922 | D:1      | 1922 ||| CASTING Summon Small Mammal
  1923 | D:1      | 1923 ||| CASTING Summon Small Mammal
  1924 | D:1      | 1924 ||| CASTING Summon Small Mammal
  1970 | D:1      | 1970 ||| CASTING Summon Small Mammal
  1971 | D:1      | 1971 ||| CASTING Summon Small Mammal
  2026 | D:1      | 2026 ||| CASTING Summon Small Mammal
  2027 | D:1      | 2027 ||| CASTING Summon Small Mammal
  2028 | D:1      | 2028 ||| CASTING Summon Small Mammal
  2029 | D:1      | 2029 ||| CASTING Summon Small Mammal
  2074 | D:1      | 2074 ||| CASTING Summon Small Mammal
  2075 | D:1      | 2075 ||| CASTING Summon Small Mammal
  2076 | D:1      | 2076 ||| CASTING Summon Small Mammal
  2077 | D:1      | 2077 ||| CASTING Summon Small Mammal
  2202 | D:1      | 2202 ||| UPGRADING to +0 scale mail.
  2212 | D:1      | 2212 ||| DROPPING +0 robe.
  2213 | D:1      | 2213 ||| UPGRADING to +0 chain mail.
  2223 | D:1      | 2223 ||| DROPPING +0 scale mail.
  2224 | D:1      | 2224 ||| DROPPING potion of magic.
  2261 | D:2      | 2261 ||| STAIRDANCE
  2341 | D:2      | Noticed Sigmund
  2342 | D:2      | 2342 ||| Stepping ~*~*~tactically~*~*~ (hiding).
  2344 | D:2      | 2344 ||| Stepping ~*~*~tactically~*~*~ (hiding).
  2352 | D:2      | HP: 7/30 [Sigmund/puff of flame (4)]
  2355 | D:2      | Slain by Sigmund

Levels and vault maps discovered:
D:1:      nagdon_arrival_zigzag_paths, layout_basic
D:2:      layout_basic, dreamdust_ecumenical_altar_statues, uniq_sigmund,
          uniq_natasha, uniq_terence

Skill      XL: |  1  2  3 |
---------------+----------+-----
Axes           | 1 2 |  2.1
Fighting       | 1 2 |  2.3
Dodging        | |  1.7
Stealth        | |  2.1
Spellcasting   | |  1.7
Summonings     | |  3.6

Action                   || total
-------------------------++-------
Melee: Club              ||    30
       Unarmed           ||     6
       Hand axe          ||    65
       Short sword       ||    14
       Punch             ||     1
 Cast: Summon Small Mamm ||    65
Armor: Robe              ||    25
       Chain mail        ||    10
Dodge: Dodged            ||    74

Table legend:
 A = Non-vault XP
 B = Vault XP
 C = Vault XP percentage of total XP
 D = Non-vault monster count
 E = Vault monster count
 F = Vault count percentage of total count
                 A         B        C        D         E       F
            +---------+---------+-------+---------+---------+-------
      Total |      78 |       0 |   0.0 |      35 |       0 |   0.0
            +---------+---------+-------+---------+---------+-------
        D:1 |      66 |       0 |   0.0 |      31 |       0 |   0.0
        D:2 |      12 |       0 |   0.0 |       4 |       0 |   0.0
            +---------+---------+-------+---------+---------+-------
